 Dungeon Crawl Stone Soup version 0.29.1-2-gbd0b4ee654 (webtiles) character file.

Game seed: 6495808718011449886

51 Sabo the Trooper (level 3, 29/29 HPs)
             Began as a Demonspawn Fighter on Nov 24, 2022.
             Was a Follower of Fedhas.
             Got out of the dungeon alive.
             The game lasted 00:05:47 (1283 turns).

Sabo the Trooper (Demonspawn Fighter)               Turns: 1283, Time: 00:05:48

Health: 29/29      AC:  6    Str: 18    XL:     3   Next: 58%
Magic:  3/3        EV: 13    Int:  9    God:    Fedhas [*.....]
Gold:   25         SH:  8    Dex: 12    Spells: 2/2 levels left

rFire   . . .      SeeInvis .   a - +0 war axe
rCold   . . .      Faith    .   c - +0 buckler
rNeg    . . .      Spirit   .   b - +0 scale mail
rPois   .          Reflect  .   (no helmet)
rElec   .          Harm     .   (no cloak)
rCorr   .          Rampage  .   (no gloves)
Will    .....                   (no boots)
Stlth   ..........              (no amulet)
HPRegen 0.09/turn               e - +4 ring of evasion
MPRegen 0.08/turn               (no ring)

@: no status effects
A: large bone plates 1
a: Renounce Religion


You escaped.
You worshipped Fedhas.
Fedhas was aware of your devotion.
You visited 1 branch of the dungeon, and saw 2 of its levels.

You collected 25 gold pieces.

Inventory:

Hand Weapons
 a - a +0 war axe (weapon)
Armour
 b - a +0 scale mail (worn)
 c - a +0 buckler (worn)
Jewellery
 e - a +4 ring of evasion (left hand)
Scrolls
 f - a scroll of identify {unknown}
 g - a scroll of noise {unknown}
 i - a scroll of magic mapping {unknown}
Potions
 d - a potion of might
 h - a potion of lignification {unknown}


   Skills:
 + Level 3.3 Fighting
 + Level 2.5 Axes
 + Level 3.1 Armour
 + Level 3.2 Shields


You had 2 spell levels left.
You didn't know any spells.
Your spell library was empty.

Dungeon Overview and Level Annotations

Branches:
Dungeon (2/15)

Altars:
Fedhas


Innate Abilities, Weirdness & Mutations

You are partially covered in large bone plates. (SH +4)


Message History

Found 3 gold pieces.
Found a faded altar of an unknown god.
A bat comes into view.
Found a gold piece.
The bat barely misses you.
You barely miss the bat. You block the bat's attack.
You slash the bat!
You kill the bat!
You enter the shallow water.
Moving in this stuff is going to be slow.
You now have 21 gold pieces (gained 1).
You now have 22 gold pieces (gained 1).
You now have 23 gold pieces (gained 1).
You now have 24 gold pieces (gained 1).
You now have 25 gold pieces (gained 1).
There is a faded altar of an unknown god here.
You cannot tell which god this altar belongs to.
Convert to them anyway?
Fedhas accepts your prayer! Fedhas welcomes you!
The plants of the dungeon cease their hostilities.
You enter the shallow water.
Moving in this stuff is going to be slow.
A giant cockroach comes into view.
The giant cockroach moves out of view.
The giant cockroach waves its antennae.
The giant cockroach attacks as you move away!
The giant cockroach barely misses you. You block the giant cockroach's attack.
The giant cockroach barely misses you.
There is a stone staircase leading up here.
The giant cockroach bites you but does no damage.
You climb upwards.
There is a stone staircase leading down here.
You hit the giant cockroach.
You kill the giant cockroach!
Fedhas appreciates your contribution to the ecosystem.
There is an open door here.
There is a stone staircase leading down here.
There is an open door here.
There is a staircase leading out of the dungeon here.
Are you sure you want to leave the Dungeon?
This will make you lose the game!
You have escaped!

.....#
##..'.........#
..#### ####.........#
..###### #.........#
.......# ###....#..#
.......# #######.#
.......# #.# .......#
##### #.# .......#
#...# #.# .......#
#.@.# #.#
.......###### #...#
#.##### ............#
#...# #.....####
............####'####
#####....#
######......##......#
##...##
#......#.......#
####....#
#......#.#####.#
#.......#
########..#..#.#
#........ ##.#..#.#
#.....)#.


There were no monsters in sight!

Vanquished Creatures
  An adder (D:2)
  6 endoplasms
  5 giant cockroaches
  2 goblins (D:1)
  4 hobgoblins (D:1)
  2 jackals (D:1)
  A quokka (D:1)
  3 ball pythons (D:1)
  6 bats
  A frilled lizard (D:1)
  3 kobolds (D:1)
  3 rats (D:1)
37 creatures vanquished.

Notes
Turn   | Place    | Note
-------+----------+-------------------------------------------
     0 | D:1      | Sabo the Demonspawn Fighter began the quest for the Orb.
     0 | D:1      | Reached XP level 1. HP: 18/18 MP: 1/1
   149 | D:1      | Gained mutation: You are partially covered in large bone
                  | plates. (SH +4) [demonic ancestry]
   149 | D:1      | Reached XP level 2. HP: 12/24 MP: 2/2
   568 | D:1      | Reached XP level 3. HP: 29/29 MP: 3/3
  1111 | D:2      | Found a faded altar of an unknown god.
  1130 | D:2      | Prayed at the altar of an unknown god.
  1130 | D:2      | Became a worshipper of Fedhas Madash
  1130 | D:2      | Reached * piety under Fedhas
  1283 | D:$      | Got out of the dungeon alive.

Illustrated notes

Levels and vault maps discovered:
D:1:      dpeg_arrival_erosion, layout_basic
D:2:      layout_basic, hellmonk_ecumenical_altar_pennies_from_heaven,
          serial_glass, glass_columns_a, glass_columns_c, glass_columns_a,
          glass_columns_a, glass_columns_c, glass_columns_c, glass_columns_a,
          glass_columns_c, minmay_3d_cube

Skill      XL: |  1  2 |
---------------+-------+-----
Axes           | 2 |  2.5
Armour         | 3 |  3.1
Shields        | 3 |  3.2
Fighting       | |  3.3

Action                   || total
-------------------------++-------
Melee: War axe           ||    86
Armor: Scale mail        ||    38
Dodge: Dodged            ||    48
Block: Buckler           ||    50
